 Dungeon Crawl Stone Soup version 0.31-a0-538-gbc85326fa9 (console) character file.

Game seed: 12113041308034007959

64459 jejorda2 the Cleaver (level 15, -4/180 HPs)
             Began as a Gnoll Berserker on Aug 13, 2023.
             Was a High Priest of Trog.
             Killed from afar by an oklob plant (12 damage)
             ... with a splash of acid
             ... on level 5 of the Lair of Beasts.
             The game lasted 00:51:50 (15998 turns).

jejorda2 the Cleaver (Gnoll Berserker)             Turns: 15998, Time: 00:51:50

Health: -4/180     AC:  4    Str: 27    XL:     15   Next: 13%
Magic:  0/38       EV: 11    Int: 17    God:    Trog [*****.]
Gold:   892        SH:  0    Dex: 12    Spells: 34/34 levels left

rFire   + + .        a - +1 war axe (elec)
rCold   . . .        (no shield)
rNeg    + . .        q - +0 plate armour
rPois   +            M - +1 hat {Int+3}
rElec   +            f - +2 cloak {rPois}
rCorr   +            B - +2 pair of gloves
SInv    .            d - +0 pair of boots of Anaesthesia {Fly rElec Regen+ Int+7}
Will    +....        F - amulet of guardian spirit Stlth
                     h - ring of Cymerph {rF++ rN+ MP+9 Str+4}
HPRegen 1.30/turn    r - ring "Ifeocuti" {+Blink rCorr Slay+4}
MPRegen 0.26/turn

%: guardian spirit
@: berserking (expiring), corroded, flying, very quick
A: fangs 1, strong nose, distributed training
a: Renounce Religion, Evoke Blink, Berserk, Trog's Hand, Brothers in Arms


You were on level 5 of the Lair of Beasts.
You worshipped Trog.
Trog was extremely pleased with you.
You visited 2 branches of the dungeon, and saw 16 of its levels.

You collected 1167 gold pieces.
You spent 275 gold pieces at shops.

Inventory:

Hand Weapons
 a - a +1 war axe of electrocution (weapon)
 b - a +4 heavy quarterstaff
Missiles
 c - 24 poisoned darts (quivered)
 i - 10 curare-tipped darts
 k - 2 throwing nets
 o - 13 boomerangs
Armour
 d - the +0 pair of boots of Anaesthesia (worn) {Fly rElec Regen+ Int+7}
   (You acquired it on level 8 of the Dungeon)

   Int+7:     It affects your intelligence (+7).
   rElec:     It insulates you from electricity.
   Fly:       It grants you flight.
   Regen+:    It increases your rate of health regeneration.
 f - a +2 cloak of poison resistance (worn)
 q - a +0 plate armour (worn)
 B - a +2 pair of gloves (worn)
 M - a +1 hat of intelligence (worn)
Jewellery
 g - a ring of willpower
 h - the ring of Cymerph (left hand) {rF++ rN+ MP+9 Str+4}
   (You acquired it on level 9 of the Dungeon)

   [ring of positive energy]

   Str+4:     It affects your strength (+4).
   rF++:      It greatly protects you from fire.
   rN+:       It protects you from negative energy.
   MP+9:      It affects your magic capacity (+9).
 r - the ring "Ifeocuti" (right hand) {+Blink rCorr Slay+4}
   (You acquired it on level 4 of the Lair of Beasts)

   [ring of slaying]

   Slay+4:    It affects your accuracy & damage with ranged weapons and melee
   (+4).
   +Blink:    It lets you blink.
   rCorr:     It protects you from acid and corrosion.
 t - a ring of see invisible
 F - an amulet of guardian spirit (around neck)
Wands
 v - a wand of iceblast (24)
 D - a wand of charming (18)
 K - a wand of flame (16)
Scrolls
 e - a scroll of poison
 j - 5 scrolls of immolation
 l - 4 scrolls of teleportation
 n - 4 scrolls of enchant armour
 C - 2 scrolls of enchant weapon
 G - 2 scrolls of identify
 H - 2 scrolls of butterflies
 I - a scroll of blinking
 L - a scroll of fear
 N - 6 scrolls of fog
Potions
 m - 4 potions of attraction
 p - 2 potions of enlightenment
 s - 2 potions of invisibility
 u - 3 potions of curing
 x - 2 potions of resistance
 z - 3 potions of mutation
 A - 2 potions of haste
 E - a potion of cancellation
 J - a potion of heal wounds


   Skills:
 + Level 11.9 Fighting
 + Level 10.0 Short Blades
 + Level 10.0 Long Blades
 + Level 11.9 Axes
 + Level 10.0 Maces & Flails
 + Level 10.0 Polearms
 + Level 10.0 Staves
 + Level 10.0 Ranged Weapons
 + Level 10.0 Throwing
 + Level 11.0 Armour
 + Level 11.0 Dodging
 + Level 10.0 Stealth
 + Level 10.0 Shields
 + Level 10.0 Unarmed Combat
 + Level 10.0 Spellcasting
 + Level 8.4 Conjurations
 + Level 8.4 Hexes
 + Level 8.4 Summonings
 + Level 8.4 Necromancy
 + Level 8.4 Translocations
 + Level 8.4 Transmutations
 + Level 8.4 Fire Magic
 + Level 8.4 Ice Magic
 + Level 8.4 Air Magic
 + Level 8.4 Earth Magic
 + Level 8.4 Poison Magic
 + Level 10.9 Invocations
 + Level 10.0 Evocations
 + Level 8.4 Shapeshifting


You had 34 spell levels left.
You didn't know any spells.
Your spell library was empty.

Dungeon Overview and Level Annotations

Branches:
Dungeon (11/15)            Temple (0/1) D:4            Lair (5/5) D:11
  Swamp (0/4) Lair:3       Spider (0/4) Lair:3        Slime (0/5) Lair:5
    Orc (0/2) D:9

Altars:
Ashenzari
Cheibriados
Dithmenos
Hepliaklqana
Kikubaaqudgha
Qazlal
Ru
Sif Muna
Uskayaw
Vehumet
Wu Jian
Yredelemnul
Zin
Jiyva

Shops:
D:3 !   D:4 !

Annotations:
Lair:5 exclusions: 3 doors and oklob plant


Innate Abilities, Weirdness & Mutations

You have very sharp teeth.
Your uncanny sense of smell can sniff out nearby items.
Your experience applies equally to all skills.


Message History

You destroy the oklob plant!
Trog accepts your kill.
You hit the oklob plant but do no damage.
The oklob plant spits acid at you. The splash of acid misses you.
The oklob plant spits acid at you. The splash of acid hits you! You resist.
* * * LOW HITPOINT WARNING * * *
You hit the oklob plant.
The oklob plant is lightly damaged.
You hit the oklob plant.
Lightning courses through the oklob plant!
You destroy the oklob plant!
Trog accepts your kill.
You hit the oklob plant but do no damage.
You bite the oklob plant!
The oklob plant is lightly damaged.
The oklob plant spits acid at you. The splash of acid hits you. You resist.
* * * LOW HITPOINT WARNING * * *
You hit the oklob plant but do no damage.
You punch the oklob plant, but do no damage.
The oklob plant is lightly damaged.
You hit the oklob plant.
You bite the oklob plant, but do no damage.
The oklob plant is moderately damaged.
You hit the oklob plant. You bite the oklob plant.
The oklob plant is heavily damaged.
The oklob plant spits acid at you. The splash of acid hits you! You resist.
* * * LOW HITPOINT WARNING * * *
You hit the oklob plant.
Lightning courses through the oklob plant!
You bite the oklob plant, but do no damage.
The oklob plant is severely damaged.
You hit the oklob plant but do no damage.
The oklob plant is severely damaged.
The oklob plant spits acid at you. The splash of acid hits you! You resist.
You die...

#..##....#....P♣
#..###....#....#
#....##.......#
#...####......#
#....####.....#
∆ ##....#
#.....##
#....####.....##
#.._..#
##....P♣####
#..@..#
#..........
##.P>.#
#..........
#....#
##†.........
##..##
#.#......#..
####
###.........
######.#.......
#...........P..
##..........##.
##........#.#.


You could see an oklob plant.

Vanquished Creatures
  Gastronok (Lair:2)
  The ghost of cforsyth the Skirmisher, a journeyman GnAr of Hepliaklqana (Lair:3)
  4 hydras
  Erica (D:9)
  2 ghost crabs (Lair:3)
  A two-headed ogre (D:9)
  16 death yaks
  A demonic crawler (Lair:3)
  Nergalle (Lair:1)
  A skyshark (Lair:5)
  3 skeletal warriors (D:11)
  2 lindwurms (Lair:5)
  A spectral hydra (Lair:3)
  Jeremiah (D:8)
  3 oklob plants (Lair:5)
  A cyclops (D:11)
  20 elephants
  2 torpor snails
  7 black mambas
  13 cane toads
  A gargoyle (D:9)
  A rime drake (Lair:4)
  9 komodo dragons
  A kobold demonologist (D:11)
  3 trolls
  3 polar bears
  12 blink frogs
  A spectral black mamba (Lair:3)
  A shadow (D:9)
  The ghost of pokeman the Magician, an amateur DEHW (D:3)
  2 wraiths
  76 yaks
  A vampire (D:9)
  Sigmund (D:2)
  4 wyverns
  Eustachio (D:5)
  2 steam dragons
  3 basilisks
  6 vampire mosquitoes (Lair:3)
  Menkaure (D:5)
  A death yak simulacrum (Lair:5)
  An acid dragon (D:9)
  14 water moccasins
  An ice beast (D:6)
  A swamp drake (D:9)
  7 orc warriors
  2 sky beasts (D:6)
  5 wolves (Lair:2)
  An ogre (D:6)
  11 centaurs
  A phantom (D:4)
  2 kobold brigands
  13 bullfrogs
  10 wights
  6 scorpions
  13 killer bees
  3 howler monkeys
  2 electric eels (Lair:1)
  5 hounds
  3 jellies
  8 orc priests
  A gnoll bouda (D:8)
  Crazy Yiuf (D:2)
  4 iguanas
  A sleepcap (D:8)
  13 orc wizards
  14 adders
  8 gnolls
  A river rat (D:11)
  A white imp (D:5)
  4 worms
  3 dart slugs
  57 orcs
  7 endoplasms
  3 giant cockroaches
  7 goblins
  6 hobgoblins
  3 jackals
  21 kobolds
  5 quokkas
  8 ball pythons
  15 bats
  3 frilled lizards
  10 rats
518 creatures vanquished.

Vanquished Creatures (others)
  A swamp drake (Lair:3)
  An orc wizard (D:8)
  2 orcs (D:8)
4 creatures vanquished.

Grand Total: 522 creatures vanquished

Notes
Turn   | Place    | Note
-------+----------+-------------------------------------------
     0 | D:1      | jejorda2 the Gnoll Berserker began the quest for the Orb.
     0 | D:1      | Reached XP level 1. HP: 23/23 MP: 1/1
   202 | D:1      | Reached XP level 2. HP: 18/29 MP: 2/2
   715 | D:2      | Found a runed translucent door.
   716 | D:2      | Noticed Crazy Yiuf
   726 | D:2      | Killed Crazy Yiuf
   727 | D:2      | Reached skill level 1 in Invocations
   727 | D:2      | Reached XP level 3. HP: 35/35 MP: 2/4
   827 | D:2      | Reached skill level 1 in Short Blades
   827 | D:2      | Reached skill level 1 in Long Blades
   827 | D:2      | Reached skill level 1 in Maces & Flails
   827 | D:2      | Reached skill level 1 in Polearms
   827 | D:2      | Reached skill level 1 in Staves
   827 | D:2      | Reached skill level 1 in Ranged Weapons
   827 | D:2      | Reached skill level 1 in Throwing
   827 | D:2      | Reached skill level 1 in Stealth
   827 | D:2      | Reached skill level 1 in Shields
   827 | D:2      | Reached skill level 1 in Unarmed Combat
   827 | D:2      | Reached skill level 1 in Spellcasting
   827 | D:2      | Reached skill level 1 in Evocations
  1089 | D:2      | Reached XP level 4. HP: 30/41 MP: 5/5
  1188 | D:2      | Noticed Sigmund
  1200 | D:2      | Killed Sigmund
  1201 | D:2      | Reached skill level 1 in Conjurations
  1201 | D:2      | Reached skill level 1 in Hexes
  1201 | D:2      | Reached skill level 1 in Summonings
  1201 | D:2      | Reached skill level 1 in Necromancy
  1201 | D:2      | Reached skill level 1 in Translocations
  1201 | D:2      | Reached skill level 1 in Transmutations
  1201 | D:2      | Reached skill level 1 in Fire Magic
  1201 | D:2      | Reached skill level 1 in Ice Magic
  1201 | D:2      | Reached skill level 1 in Air Magic
  1201 | D:2      | Reached skill level 1 in Earth Magic
  1201 | D:2      | Reached skill level 1 in Poison Magic
  1201 | D:2      | Reached skill level 1 in Shapeshifting
  1201 | D:2      | Reached XP level 5. HP: 47/47 MP: 5/7
  1314 | D:3      | Reached XP level 6. HP: 53/53 MP: 8/8
  1353 | D:3      | Found Tuytasoe's Distillery.
  1370 | D:3      | Reached ** piety under Trog
  1377 | D:3      | Bought a potion of curing for 33 gold pieces
  1398 | D:3      | Reached skill level 5 in Armour
  1398 | D:3      | Reached skill level 5 in Dodging
  2475 | D:3      | Found a runed translucent gate.
  2475 | D:3      | Found a runed translucent gate.
  2475 | D:3      | Noticed pokeman's ghost (amateur DEHW)
  2476 | D:3      | Found a runed translucent gate.
  2477 | D:3      | Identified the +0 scale mail of Dishonesty {rCorr Dex+3}
  2505 | D:3      | Killed pokeman's ghost
  2506 | D:3      | Reached XP level 7. HP: 60/60 MP: 10/10
  2736 | D:4      | Found Cuwiboant's Distillery.
  3023 | D:4      | Found a snail-covered altar of Cheibriados.
  3026 | D:4      | Reached *** piety under Trog
  3054 | D:4      | Found a staircase to the Ecumenical Temple.
  3294 | D:4      | Found an ancient bone altar of Kikubaaqudgha.
  3296 | D:4      | Found a glowing silver altar of Zin.
  3296 | D:4      | Found a hide-covered altar of Uskayaw.
  3297 | D:4      | Found a radiant altar of Vehumet.
  3298 | D:4      | Found an ornate altar of the Wu Jian Council.
  3298 | D:4      | Found a sacrificial altar of Ru.
  3298 | D:4      | Found a hazy altar of Hepliaklqana.
  3299 | D:4      | Found a basalt altar of Yredelemnul.
  3299 | D:4      | Found a shadowy altar of Dithmenos.
  3300 | D:4      | Found a shimmering blue altar of Sif Muna.
  3774 | D:3      | Bought a potion of might for 44 gold pieces
  3774 | D:3      | Bought a potion of invisibility for 88 gold pieces
  3827 | D:5      | Entered Level 5 of the Dungeon
  3827 | D:5      | Noticed Menkaure
  3836 | D:5      | Killed Menkaure
  3947 | D:5      | Reached XP level 8. HP: 67/67 MP: 12/12
  4620 | D:3      | Bought a potion of haste for 110 gold pieces
  4765 | D:6      | Noticed Eustachio
  4786 | D:5      | Killed Eustachio
  4787 | D:5      | Reached XP level 9. HP: 73/73 MP: 14/14
  5156 | D:6      | Reached **** piety under Trog
  5886 | D:8      | Identified a scroll of acquirement
  5886 | D:8      | Acquired the +0 pair of boots of Anaesthesia {Fly rElec
                  | Regen+ Int+7}
  6027 | D:8      | Reached skill level 5 in Invocations
  6207 | D:8      | Reached XP level 10. HP: 80/80 MP: 17/17
  6300 | D:8      | Reached skill level 5 in Short Blades
  6300 | D:8      | Reached skill level 5 in Long Blades
  6300 | D:8      | Reached skill level 5 in Maces & Flails
  6300 | D:8      | Reached skill level 5 in Polearms
  6300 | D:8      | Reached skill level 5 in Staves
  6300 | D:8      | Reached skill level 5 in Ranged Weapons
  6300 | D:8      | Reached skill level 5 in Throwing
  6300 | D:8      | Reached skill level 5 in Stealth
  6300 | D:8      | Reached skill level 5 in Shields
  6300 | D:8      | Reached skill level 5 in Unarmed Combat
  6300 | D:8      | Reached skill level 5 in Spellcasting
  6300 | D:8      | Reached skill level 5 in Evocations
  6404 | D:8      | Noticed Jeremiah
  6413 | D:8      | Killed Jeremiah
  6852 | D:9      | Noticed Erica
  6875 | D:9      | Killed Erica
  6947 | D:9      | Reached ***** piety under Trog
  7021 | D:9      | Found a staircase to the Orcish Mines.
  7131 | D:9      | Noticed a two-headed ogre
  7140 | D:9      | Killed a two-headed ogre
  7141 | D:9      | Reached XP level 11. HP: 87/87 MP: 19/19
  7258 | D:9      | Acquired the ring of Cymerph {rF++ rN+ MP+9 Str+4}
  7459 | D:9      | Reached skill level 5 in Conjurations
  7459 | D:9      | Reached skill level 5 in Hexes
  7459 | D:9      | Reached skill level 5 in Summonings
  7459 | D:9      | Reached skill level 5 in Necromancy
  7459 | D:9      | Reached skill level 5 in Translocations
  7459 | D:9      | Reached skill level 5 in Transmutations
  7459 | D:9      | Reached skill level 5 in Fire Magic
  7459 | D:9      | Reached skill level 5 in Ice Magic
  7459 | D:9      | Reached skill level 5 in Air Magic
  7459 | D:9      | Reached skill level 5 in Earth Magic
  7459 | D:9      | Reached skill level 5 in Poison Magic
  7459 | D:9      | Reached skill level 5 in Shapeshifting
  7587 | D:9      | Found a stormy altar of Qazlal.
  7773 | D:10     | Entered Level 10 of the Dungeon
  8591 | D:11     | Noticed a cyclops
  8756 | D:11     | Noticed a skeletal warrior
  8758 | D:11     | Noticed a skeletal warrior
  8763 | D:11     | Noticed a skeletal warrior
  8768 | D:11     | Killed a skeletal warrior
  8773 | D:11     | Killed a skeletal warrior
  8782 | D:11     | Killed a skeletal warrior
  9016 | D:11     | Noticed a death yak
  9033 | D:11     | Killed a death yak
  9203 | D:11     | Noticed a death yak
  9205 | D:11     | Noticed a death yak
  9228 | D:11     | Killed a death yak
  9229 | D:11     | Reached XP level 12. HP: 97/97 MP: 22/22
  9236 | D:11     | Killed a death yak
  9775 | D:11     | Found a staircase to the Lair.
 10158 | Lair:1   | Entered Level 1 of the Lair of Beasts
 10224 | Lair:1   | Noticed a four-headed hydra
 10235 | Lair:1   | Killed a four-headed hydra
 10236 | Lair:1   | Reached skill level 10 in Fighting
 10236 | Lair:1   | Reached skill level 10 in Axes
 10683 | Lair:1   | Noticed Nergalle
 10701 | Lair:1   | Killed Nergalle
 10850 | Lair:1   | Received a gift from Trog
 10880 | Lair:1   | Reached XP level 13. HP: 74/104 MP: 22/25
 12313 | Lair:2   | Noticed Gastronok
 12339 | Lair:2   | Killed Gastronok
 12734 | Lair:3   | Found a runed translucent gate.
 12735 | Lair:3   | Found a runed translucent gate.
 12735 | Lair:3   | Found a runed translucent gate.
 12984 | Lair:3   | Identified the +4 ring mail of Kihod {rPois MP-9 Dex+3}
 12998 | Lair:3   | Reached skill level 10 in Armour
 12998 | Lair:3   | Reached skill level 10 in Dodging
 13243 | Lair:3   | Reached XP level 14. HP: 110/113 MP: 26/26
 13260 | Lair:3   | Found a hole to the Spider Nest.
 13431 | Lair:3   | Received a gift from Trog
 13769 | Lair:3   | Reached skill level 10 in Invocations
 13819 | Lair:3   | Found a staircase to the Swamp.
 13879 | Lair:3   | Noticed cforsyth's ghost (journeyman GnAr)
 13899 | Lair:3   | Killed cforsyth's ghost
 14110 | Lair:4   | Acquired the ring "Ifeocuti" {+Blink rCorr Slay+4}
 14293 | Lair:4   | Found a broken altar of Ashenzari.
 14451 | Lair:4   | Identified the +1 robe of Lavisorhimm {-Cast Will- Dex+8
                  | SInv}
 15137 | Lair:5   | Entered Level 5 of the Lair of Beasts
 15412 | Lair:5   | Noticed a dire elephant
 15412 | Lair:5   | Noticed a dire elephant
 15412 | Lair:5   | Noticed a dire elephant
 15412 | Lair:5   | Noticed a dire elephant
 15522 | Lair:5   | Received a gift from Trog
 15886 | Lair:5   | Reached XP level 15. HP: 120/120 MP: 28/28
 15910 | Lair:5   | Reached skill level 10 in Short Blades
 15910 | Lair:5   | Reached skill level 10 in Long Blades
 15910 | Lair:5   | Reached skill level 10 in Maces & Flails
 15910 | Lair:5   | Reached skill level 10 in Polearms
 15910 | Lair:5   | Reached skill level 10 in Staves
 15910 | Lair:5   | Reached skill level 10 in Ranged Weapons
 15910 | Lair:5   | Reached skill level 10 in Throwing
 15910 | Lair:5   | Reached skill level 10 in Stealth
 15910 | Lair:5   | Reached skill level 10 in Shields
 15910 | Lair:5   | Reached skill level 10 in Unarmed Combat
 15910 | Lair:5   | Reached skill level 10 in Spellcasting
 15910 | Lair:5   | Reached skill level 10 in Evocations
 15975 | Lair:5   | Found a viscous altar of Jiyva.
 15977 | Lair:5   | Found a staircase to the Slime Pits.
 15996 | Lair:5   | HP: 6/180 [oklob plant/splash of acid (8)]
 15998 | Lair:5   | Killed from afar by an oklob plant

Illustrated notes

Levels and vault maps discovered:
D:1:      psy_arrival_dodecagon, layout_basic
D:2:      layout_basic, minmay_heptomino_o4, uniq_sigmund,
          uniq_crazy_yiuf_cottage
D:3:      layout_loops_cross, biasface_ghost_orc_armoury, serial_shops,
          nicolae_shop_hallway_plus
D:4:      layout_basic, nicolae_overflows_in_rows,
          minmay_temple_entry_stoned_glass, serial_shops,
          nicolae_shop_tiny_real_fake_doors, serial_bayou, serial_bayou_shore_a,
          serial_bayou_ford_a, serial_bayou_lagoon_a, serial_bayou_crossing,
          serial_bayou_pond_e, dreamdust_mushroom_princess,
          hangedman_decor_push, kennysheep_small_circle
D:5:      layout_rooms, minmay_pentangle, uniq_menkaure
D:6:      nicolae_cairo_tiling_large_dashed, layout_basic, uniq_eustachio
D:7:      layout_gridville, serial_rivers, chequers_serial_rivers_large_b,
          chequers_serial_rivers_small_a, chequers_serial_rivers_marsh,
          chequers_serial_rivers_room_b, chequers_serial_rivers_micro_a
D:8:      layout_loops_ring, special_room [special_room_orc], uniq_jeremiah
D:9:      layout_rooms, marbit_many_paths, erik_orc_1, uniq_erica
D:10:     layout_basic, grunt_ministairs_11
D:11:     layout_layer_cave, dpeg_lair_monsters
Lair:1:   layout_loops_ring, serial_bayou, serial_bayou_pond_c,
          serial_bayou_pond_d, serial_bayou_pond_b, serial_bayou_pond_a,
          roderic_batcave, grunt_megastairs_1, uniq_nergalle
Lair:2:   layout_regular_city, uniq_gastronok
Lair:3:   layout_loops_ring, nicolae_swamp_entry_spooky,
          nicolae_spider_entry_non_spiders, gammafunk_ghost_hydra_chop, pond
Lair:4:   layout_cellular_growth, lemuel_centaur_altar
Lair:5:   due_jungle_book, layout_gridlike, minmay_slime_entry_oklob_enclosed

Skill      XL: |  1  2  3  4  5  6  7  8  9 10 11 12 13 14 15 |
---------------+----------------------------------------------+-----
Invocations    | 1 2 3 4 5 6 7 8 9 10 | 10.9
Short Blades   | 1 2 3 4 5 7 8 9 10 | 10.0
Long Blades    | 1 2 3 4 5 7 8 9 10 | 10.0
Maces & Flails | 1 2 3 4 5 7 8 9 10 | 10.0
Polearms       | 1 2 3 4 5 7 8 9 10 | 10.0
Staves         | 1 2 3 4 5 7 8 9 10 | 10.0
Ranged Weapons | 1 2 3 4 5 7 8 9 10 | 10.0
Throwing       | 1 2 3 4 5 7 8 9 10 | 10.0
Stealth        | 1 2 3 4 5 7 8 9 10 | 10.0
Shields        | 1 2 3 4 5 7 8 9 10 | 10.0
Unarmed Combat | 1 2 3 4 5 7 8 9 10 | 10.0
Spellcasting   | 1 2 3 4 5 7 8 9 10 | 10.0
Evocations     | 1 2 3 4 5 7 8 9 10 | 10.0
Conjurations   | 1 2 3 4 5 6 7 8 |  8.4
Hexes          | 1 2 3 4 5 6 7 8 |  8.4
Summonings     | 1 2 3 4 5 6 7 8 |  8.4
Necromancy     | 1 2 3 4 5 6 7 8 |  8.4
Translocations | 1 2 3 4 5 6 7 8 |  8.4
Transmutations | 1 2 3 4 5 6 7 8 |  8.4
Fire Magic     | 1 2 3 4 5 6 7 8 |  8.4
Ice Magic      | 1 2 3 4 5 6 7 8 |  8.4
Air Magic      | 1 2 3 4 5 6 7 8 |  8.4
Earth Magic    | 1 2 3 4 5 6 7 8 |  8.4
Poison Magic   | 1 2 3 4 5 6 7 8 |  8.4
Shapeshifting  | 1 2 3 4 5 6 7 8 |  8.4
Armour         | 5 6 7 8 9 10 11 | 11.0
Dodging        | 5 6 7 8 9 10 11 | 11.0
Fighting       | 7 8 9 10 11 | 11.9
Axes           | 7 8 9 10 11 | 11.9

Action                     |  1- 3 |  4- 6 |  7- 9 | 10-12 | 13-15 || total
---------------------------+-------+-------+-------+-------+-------++-------
  Melee: Hand axe          |    94 |   169 |   100 |   132 |       ||   495
         Bite              |     7 |    17 |    38 |   117 |   139 ||   318
         Punch             |     1 |     1 |     3 |    32 |    50 ||    87
         Quarterstaff      |       |       |   246 |    13 |    29 ||   288
         War axe           |       |       |       |   561 |   677 ||  1238
         Battleaxe         |       |       |       |    22 |    97 ||   119
 Invoke: Berserk           |     1 |     3 |     7 |    16 |    16 ||    43
         Trog's Hand       |       |     1 |     4 |     4 |     4 ||    13
         Brothers in Arms  |       |       |       |       |     1 ||     1
Ability: Begin Untransform |       |       |       |       |     1 ||     1
  Evoke: Wand              |       |       |       |     3 |       ||     3
    Use: Potion            |       |       |     1 |     3 |       ||     4
         Scroll            |       |       |    13 |     9 |     6 ||    28
   Stab: Confused          |       |       |       |     3 |     1 ||     4
 Armour: Ring mail         |    28 |    57 |     7 |       |       ||    92
         Chain mail        |       |       |   167 |       |       ||   167
         Scale mail        |       |       |     1 |       |       ||     1
         Plate armour      |       |       |     3 |   368 |   476 ||   847
  Dodge: Dodged            |    46 |    97 |   230 |   547 |   643 ||  1563
   Form: Dragon            |       |       |       |       |     1 ||     1

Table legend: (Time is in decaauts)
 A = Elapsed time spent in this place.
 B = Non-inter-level travel time spent in this place.
 C = Inter-level travel time spent in this place.
 D = Time resting spent in this place.
 E = Time spent auto-exploring this place.
 F = Levels seen in this place.
 G = Mean time per level.
                   A        B        C        D        E       F      G
               +--------+--------+--------+--------+--------+-----+--------+
         Total |  16446 |  15653 |    793 |   1680 |  10130 |  16 | 1027.9 |
       Dungeon |  10448 |   9866 |    582 |    975 |   6671 |  11 |  949.8 |
          Lair |   5997 |   5786 |    211 |    704 |   3459 |   5 | 1199.4 |
               +--------+--------+--------+--------+--------+-----+--------+

Top non-repeatable levels by time:
    D:11: 1581 daAuts
  Lair:1: 1386 daAuts
  Lair:3: 1361 daAuts
     D:3: 1263 daAuts
  Lair:2: 1259 daAuts
  Lair:4: 1198 daAuts
     D:4: 1123 daAuts
     D:9: 1021 daAuts
     D:2: 898 daAuts
     D:8: 878 daAuts
    D:10: 876 daAuts
     D:5: 813 daAuts
  Lair:5: 791 daAuts
     D:6: 687 daAuts
     D:1: 682 daAuts
